 Dungeon Crawl Stone Soup version 0.28.0-61-g67df4f89a8 (webtiles) character file.

Game seed: 14515888436541753138

22 NotaViper the Skirmisher (level 2, -2/24 HPs)
             Began as a Demonspawn Abyssal Knight on Feb 14, 2023.
             Was a Follower of Lugonu.
             Slain by a worm (9 damage)
             ... on level 2 of the Dungeon.
             The game lasted 00:03:46 (1357 turns).

NotaViper the Skirmisher (DsAK)                     Turns: 1357, Time: 00:03:46

Health: -2/24      AC:  3    Str: 13    XL:     2   Next: 68%
Magic:  3/3        EV: 11    Int: 11    God:    Lugonu [*.....]
Gold:   206        SH:  0    Dex: 13    Spells: 1/1 levels left

rFire   . . .      SeeInvis .   a - +1 falchion
rCold   . . .      Faith    .   (no shield)
rNeg    . . .      Spirit   .   b - +0 leather armour
rPois   .          Reflect  .   (no helmet)
rElec   .          Harm     .   (no cloak)
rCorr   .          Rampage  .   (no gloves)
Will    .....                   (no boots)
Stlth   +.........              (no amulet)
HPRegen 0.08/turn               (no ring)
MPRegen 0.08/turn               (no ring)

@: no status effects
A: claws 1
a: Renounce Religion, Depart the Abyss


You were on level 2 of the Dungeon.
You worshipped Lugonu.
Lugonu was aware of your devotion.
You visited 1 branch of the dungeon, and saw 2 of its levels.
You visited the Abyss 1 time.

You collected 206 gold pieces.

Inventory:

Hand Weapons
 a - a +1 falchion (weapon)
 c - a +0 dagger
 d - a +0 hunting sling
 e - a +0 dagger
 h - a +0 whip
 k - a +0 club
 l - a +0 dagger
 o - a +0 club
Missiles
 g - 39 stones
Armour
 b - a +0 leather armour (worn)
Scrolls
 f - a scroll of amnesia {unknown}
 i - a scroll of fear {unknown}
 j - a scroll of teleportation {unknown}
Potions
 m - a potion of curing {unknown}
 n - a potion of attraction {unknown}


   Skills:
 + Level 3.3 Fighting
 + Level 2.3 Long Blades
 + Level 2.0 Armour
 + Level 1.1 Dodging
 + Level 2.4 Invocations


You had one spell level left.
You didn't know any spells.
Your spell library was empty.

Dungeon Overview and Level Annotations

Branches:
Dungeon (2/15)

Altars:


Innate Abilities, Weirdness & Mutations

You have sharp fingernails.


Message History

The goblin is heavily wounded.
The goblin hits you with a +0 club.
You hit the goblin.
The goblin is severely wounded.
The goblin hits you but does no damage.
You slash the goblin!
You kill the goblin!
Lugonu accepts your kill.
You see here a +0 club.
You open the door.
There is an open door here.
You open the door.
There is an open door here.
There is an open door here.
Done exploring.
There is an open door here.
There is a stone staircase leading down here.
You climb downwards.
There is a stone staircase leading up here.
Found a stone staircase leading down.
A worm comes into view.
The worm bites you but does no damage.
You hit the worm.
The worm is moderately wounded.
You hit the worm.
The worm is heavily wounded.
The worm bites you!
You barely miss the worm.
The worm is heavily wounded.
The worm closely misses you.
You barely miss the worm.
The worm is heavily wounded.
The worm bites you!
* * * LOW HITPOINT WARNING * * *
You barely miss the worm. You claw the worm, but do no damage.
The worm is moderately wounded.
You slash the worm!
The worm is severely wounded.
The worm bites you!
You die...

#..###### ###########
#.......##
..........####...##...#
#..<...........#
#.###.######..## # #.#
#..# #.# #..## ...
##.#.# ... #.@.#..
.>......w#....#
###.####. .#### ## ##


You could see a worm.

Vanquished Creatures
  A dart slug (D:1)
  2 endoplasms (D:1)
  7 goblins (D:1)
  2 jackals (D:1)
  2 kobolds (D:1)
  2 ball pythons (D:1)
  A bat (D:1)
  A rat (D:1)
18 creatures vanquished.

Notes
Turn   | Place    | Note
-------+----------+-------------------------------------------
     0 | Abyss:1  | NotaViper the Demonspawn Abyssal Knight began the quest for
                  | the Orb.
     0 | Abyss:1  | Reached XP level 1. HP: 18/18 MP: 2/2
    72 | Abyss:1  | Noticed a demonic crawler
    78 | D:1      | Escaped the Abyss
   207 | D:1      | Reached skill level 1 in Dodging
   320 | D:1      | Reached * piety under Lugonu
   403 | D:1      | Gained mutation: You have sharp fingernails. [demonic
                  | ancestry]
   403 | D:1      | Reached XP level 2. HP: 11/24 MP: 3/3
  1357 | D:2      | Slain by a worm

Illustrated notes

Levels and vault maps discovered:
D:1:      nzn_arrival_depleted_hourglass, layout_basic
D:2:      layout_loops_ring, shapermc_ecumenical_altar_gd, minmay_tetromino_l4

Skill      XL: |  1  2 |
---------------+-------+-----
Dodging        | 1 |  1.1
Long Blades    | 2 |  2.3
Armour         | 2 |  2.0
Fighting       | |  3.3
Invocations    | |  2.4

Action                   || total
-------------------------++-------
Melee: Falchion          ||    64
       Punch             ||     1
Invok: Depart the Abyss  ||     1
Armor: Leather armour    ||    21
Dodge: Dodged            ||    41
